 Dungeon Crawl Stone Soup version 0.31-a0-569-g7ea453304b (webtiles) character file.

Game seed: 13778697974555639456

29 Ethylacetat the Ducker (level 3, 0/25 HPs)
             Began as an Octopode Gladiator on Aug 18, 2023.
             Slain by a goblin
             ... wielding a +0 dagger
             ... led by Robin
              (4 damage)
             ... on level 2 of the Dungeon.
             The game lasted 00:00:55 (794 turns).

Ethylacetat the Ducker (Octopode Gladiator)          Turns: 794, Time: 00:00:55

Health: 0/25       AC:  1    Str: 13    XL:     3   Next: 16%
Magic:  3/3        EV: 14    Int: 10    God:
Gold:   35         SH:  0    Dex: 15    Spells: 2/2 levels left

rFire   . .          .
                       - Unarmed
rCold   . . .        (no shield)
rNeg    . . .        a - +0 hat
rPois   .            (no amulet)
rElec   .            i - ring of willpower
rCorr   .            (no ring)
SInv    .            (no ring)
Will    +....        (no ring)
Stlth   ++           (no ring)
HPRegen 0.24/turn    (no ring)
MPRegen 0.08/turn    (no ring)
                     (no ring)

%: no passive effects
@: no status effects
A: almost no armour, amphibious, 8 rings, camouflage 1, gelatinous body 1,
(nimble swimmer 1), tentacles
a: no special abilities


You were on level 2 of the Dungeon.
You visited 1 branch of the dungeon, and saw 2 of its levels.

You collected 35 gold pieces.

Inventory:

Missiles
 b - 3 throwing nets (quivered)
 c - a javelin
Armour
 a - a +0 hat (worn)
Jewellery
 i - a ring of willpower (left tentacle)
Scrolls
 d - 2 scrolls of identify {unknown}
 f - a scroll of enchant weapon {unknown}
 j - a scroll of immolation {unknown}
Potions
 e - a potion of enlightenment {unknown}
 g - a potion of magic {unknown}
 h - a potion of invisibility {unknown}


   Skills:
 + Level 2.6 Fighting
 - Level 2.0 Throwing
 + Level 3.4 Dodging
 + Level 3.4 Unarmed Combat


You had 2 spell levels left.
You didn't know any spells.
Your spell library contained the following spells:

 Spells                   Type           Power      Damage    Failure   Level
 Apportation              Tloc           0%         N/A       36%         1
 Summon Small Mammal      Summ           0%         N/A       36%         1
 Call Canine Familiar     Summ           0%         N/A       75%         3
 Summon Guardian Golem    Hex/Summ       0%         N/A       75%         3
 Alistair's Intoxication  Tmut/Pois      0%         N/A       100%        5


Dungeon Overview and Level Annotations

Branches:
Dungeon (2/15)

Altars:

Shops:
D:1 *

Annotations:
D:2 Robin


Innate Abilities, Weirdness & Mutations

You cannot wear most types of armour.
You are amphibious.
You can wear up to eight rings at the same time.
Your skin changes colour to match your surroundings (Stealth+).
Your rubbery body absorbs attacks. (AC +1, EV +1)
((You are camouflaged when in or above water. (Stealth+)))
You have tentacles for arms and can constrict up to eight enemies at once.


Message History

You kill the goblin!
You tentacle-slap the goblin.
You kill the goblin!
You have reached level 3!
Your experience leads to an increase in your attributes!
Increase (S)trength, (I)ntelligence, or (D)exterity?
You feel agile. x2
You tentacle-slap the hobgoblin but do no damage.
Your grab misses the hobgoblin. You squeeze the hobgoblin.
You kill the hobgoblin!
You barely miss the hobgoblin. You grab the hobgoblin.
You constrict the hobgoblin. The goblin barely misses you.
The hobgoblin struggles to escape constriction.
You tentacle-slap the hobgoblin but do no damage.
The hobgoblin is moderately wounded.
You constrict the hobgoblin. The goblin hits you with a +0 dagger.
The hobgoblin escapes!
You completely miss the goblin. You grab the goblin. You constrict the goblin.
The goblin hits you with a +0 dagger. The hobgoblin closely misses you.
The goblin hits you with a +0 club.
You tentacle-slap the goblin.
You kill the goblin!
You constrict the goblin. The goblin hits you but does no damage.
The hobgoblin completely misses you.
You closely miss the goblin. Your grab misses the goblin.
You squeeze the goblin.
You kill the goblin!
You constrict the goblin.
You kill the goblin!
The hobgoblin hits you!
* * * LOW HITPOINT WARNING * * *
You tentacle-slap the hobgoblin but do no damage.
You grab the hobgoblin. You squeeze the hobgoblin.
You kill the hobgoblin!
The hobgoblin no longer looks unusually strong.
The ball python completely misses you. The ball python misses you.
Robin roars a battlecry!
The goblins go into a battle-frenzy!
The goblin hits you with a +0 dagger.
You die...

... .. ########## ..
#...##<..######.##
..................
...........####..### .
...........####.†g.## ..
.............# #@# .###...
....(.....##.# #S##.......
#...##...###.###gg.g.gg../
########## #....g...ggg...
####....<...g#.
##....$..... ##.........
....###.## ####.# #


You could see Robin, a hobgoblin (strong), 2 goblins and a ball python.

Vanquished Creatures
  A dart slug (D:1)
  A bat (D:1)
  A giant cockroach (D:1)
  5 goblins (D:2)
  5 hobgoblins
  2 quokkas (D:1)
  A ball python (D:1)
  A frilled lizard (D:1)
  4 kobolds (D:1)
  3 rats (D:1)
24 creatures vanquished.

Notes
Turn   | Place    | Note
-------+----------+-------------------------------------------
     0 | D:1      | Ethylacetat the Octopode Gladiator began the quest for the
                  | Orb.
     0 | D:1      | Reached XP level 1. HP: 14/14 MP: 1/1
    78 | D:1      | Reached XP level 2. HP: 17/19 MP: 2/2
   550 | D:1      | Found Woruar's Assorted Antiques.
   778 | D:2      | Identified the +0 helmet of the Jocular Jabberwock {rF+}
   778 | D:2      | Noticed Robin
   788 | D:2      | Reached XP level 3. HP: 17/25 MP: 3/3
   794 | D:2      | Slain by a goblin

Illustrated notes

Levels and vault maps discovered:
D:1:      ncdulo_wetmaze, layout_basic, serial_shops, shop, st_stairs_7
D:2:      layout_rooms, chequers_mini_garden, minmay_misc_feat_four_crosses,
          uniq_robin

Action                     || total
---------------------------++-------
  Melee: Unarmed           ||    43
         Constrict         ||    16
         Tentacles         ||    10
         Punch             ||     1
   Stab: Sleeping          ||     3
 Armour: Skin              ||     5
  Dodge: Dodged            ||    24

Table legend: (Time is in decaauts)
 A = Elapsed time spent in this place.
 B = Non-inter-level travel time spent in this place.
 C = Inter-level travel time spent in this place.
 D = Time resting spent in this place.
 E = Time spent auto-exploring this place.
 F = Levels seen in this place.
 G = Mean time per level.
                   A        B        C        D        E       F      G
               +--------+--------+--------+--------+--------+-----+--------+
         Total |    790 |    776 |     14 |      0 |    647 |   2 |  395.0 |
       Dungeon |    790 |    776 |     14 |      0 |    647 |   2 |  395.0 |
               +--------+--------+--------+--------+--------+-----+--------+

Top non-repeatable levels by time:
     D:1: 752 daAuts
     D:2: 38 daAuts
